[Event "Niedersachsen-ch Meister 2024"]
[Site "Verden Aller"]
[Date "2024.01.05"]
[Round "4.3"]
[White "Knuedel, Torben"]
[Black "Hampel, Felix"]
[Result "0-1"]
[ECO "B47"]
[WhiteElo "2287"]
[BlackElo "2294"]
[Annotator "ChessBase"]
[PlyCount "88"]
[EventDate "2024.01.01"]
[EventType "swiss"]
[EventCountry "GER"]
[SourceTitle "playchess.com"]
[Source "ChessBase"]
[SourceQuality "1"]
[TimeControl "40/5400+30:1800+30"]

1. e4 c5 2. Nc3 e6 3. Nf3 Nc6 4. d4 cxd4 5. Nxd4 Qc7 6. f4 a6 7. Nxc6 Qxc6 8. Bd3 b5 9. Qe2 Bb7 10. Bd2 Bc5 11. a3 Ne7 12. O-O-O O-O 13. h4 f5 14. h5 d5 15. exd5 exd5 16. h6 g6 17. Qe5 Qf6 18. Rhe1 Qxe5 19. Rxe5 Kf7 20. Rde1 Rfe8 21. Nd1 Bd6 22. Re6 Rad8 23. Nf2 d4 24. Nh3 Bd5 25. R6e2 Kg8 26. Ba5 Rb8 27. Bb4 Bxb4 28. axb4 Kf8 29. Ng5 Bg8 30. g4 fxg4 31. Ne4 Nf5 32. Nc5 Rxe2 33. Rxe2 Rd8 34. Nxa6 Ne3 35. Bxb5 g3 36. Bc6 Bc4 37. Re1 Bxa6 38. b5 Bc8 39. b4 Bf5 40. Kd2 Nxc2 41. Rc1 Nxb4 42. Bg2 Rb8 43. Rc7 Rxb5 44. Rxh7 Kg8 0-1

[Event "Niedersachsen-ch Meister 2024"]
[Site "Verden Aller"]
[Date "2024.01.05"]
[Round "4.4"]
[White "Voege, Tobias"]
[Black "von Mettenheim, Johannes"]
[Result "1/2-1/2"]
[ECO "E46"]
[WhiteElo "2283"]
[BlackElo "2284"]
[Annotator "RC"]
[PlyCount "41"]
[EventDate "2024.01.01"]
[EventType "swiss"]
[EventCountry "GER"]
[SourceTitle "playchess.com"]
[Source "ChessBase"]
[SourceQuality "1"]
[TimeControl "40/5400+30:1800+30"]

1. c4 Nf6 2. Nc3 e6 3. d4 Bb4 4. Bd2 O-O 5. e3 d5 6. Rc1 c5 7. Nf3 b6 8. cxd5 exd5 9. Ne5 Be6 10. Bd3 Nfd7 11. O-O Nxe5 12. dxe5 Nc6 13. a3 Bxc3 14. Bxc3 d4 15. exd4 cxd4 16. Bd2 Nxe5 17. Be4 Bd5 18. Bxh7+ Kxh7 19. Qh5+ Kg8 20. Qxe5 Re8 21. Qxd4 1/2-1/2

[Event "Niedersachsen-ch Meister 2024"]
[Site "Verden Aller"]
[Date "2024.01.05"]
[Round "4.5"]
[White "Riemay, David"]
[Black "Gentemann, Moritz"]
[Result "1/2-1/2"]
[ECO "B22"]
[WhiteElo "2213"]
[BlackElo "2239"]
[Annotator "RC"]
[PlyCount "125"]
[EventDate "2024.01.01"]
[EventType "swiss"]
[EventCountry "GER"]
[SourceTitle "playchess.com"]
[Source "ChessBase"]
[SourceQuality "1"]
[TimeControl "40/5400+30:1800+30"]

1. e4 c5 2. d4 cxd4 3. c3 Nf6 4. e5 Nd5 5. Qxd4 e6 6. Bd3 Nc6 7. Qe4 d6 8. Nf3 f6 9. exd6 Bxd6 10. O-O f5 11. Qe2 O-O 12. Rd1 Qe7 13. Bc4 Nf4 14. Qe3 Bc7 15. Na3 Kh8 16. Nb5 Bb8 17. b3 Rd8 18. Ba3 Qf6 19. Bd6 Bxd6 20. Nxd6 Ng6 21. Ng5 f4 22. Qh3 h6 23. Ngf7+ Kh7 24. Nxd8 Nxd8 25. Bd3 Bd7 26. Qh5 Bc6 27. Ne4 Qe5 28. Qxe5 Nxe5 29. Bc2 Kg8 30. Re1 Ndf7 31. f3 Kf8 32. Rad1 Ke7 33. Kf2 g5 34. h3 Rc8 35. Nd6 Nxd6 36. Rxe5 Nf7 37. Re2 b5 38. Bf5 Nd8 39. Bd3 a6 40. c4 b4 41. a3 Rb8 42. Ra2 a5 43. axb4 Rxb4 44. Rxa5 Rxb3 45. Ra7+ Kf6 46. Ke2 Rb2+ 47. Rd2 Rb8 48. Rc7 Ba8 49. Ra2 Nf7 50. Kd2 h5 51. Kc3 g4 52. hxg4 hxg4 53. fxg4 Ne5 54. Rf2 Nxd3 55. Kxd3 e5 56. c5 Bd5 57. Rd7 Be6 58. Rd6 Rb3+ 59. Kd2 Rb5 60. g5+ Ke7 61. Rc6 Rb2+ 62. Ke1 Rb1+ 63. Kd2 1/2-1/2

[Event "Niedersachsen-ch Meister 2024"]
[Site "Verden Aller"]
[Date "2024.01.05"]
[Round "4.6"]
[White "Mimkes, Antal"]
[Black "Mueer, Sebastian"]
[Result "0-1"]
[ECO "B25"]
[WhiteElo "1823"]
[BlackElo "2189"]
[Annotator "RC"]
[PlyCount "70"]
[EventDate "2024.01.01"]
[EventType "swiss"]
[EventCountry "GER"]
[SourceTitle "playchess.com"]
[Source "ChessBase"]
[SourceQuality "1"]
[TimeControl "40/5400+30:1800+30"]

1. e4 g6 2. Nc3 Bg7 3. f4 c5 4. Nf3 Nc6 5. g3 d6 6. Bg2 e6 7. O-O Nge7 8. d3 O-O 9. g4 f5 10. exf5 exf5 11. g5 d5 12. Kh1 d4 13. Ne2 Nd5 14. Rb1 Re8 15. h4 Ne3 16. Bxe3 Rxe3 17. Neg1 Be6 18. a4 Qd6 19. Nh3 Nb4 20. Qd2 Nd5 21. Nfg1 Bd7 22. b3 Bc6 23. Rbe1 Rae8 24. Qf2 R8e6 25. h5 Qe7 26. Nf3 Re2 27. Rxe2 Rxe2 28. Re1 Rxf2 29. Rxe7 Rxc2 30. Ne1 Rxg2 31. Rxg7+ Kxg7 32. h6+ Kf7 33. Kxg2 Nxf4+ 34. Kg3 Nxh3 35. Kxh3 Bd5 0-1

[Event "Niedersachsen-ch Meister 2024"]
[Site "Verden Aller"]
[Date "2024.01.05"]
[Round "4.7"]
[White "Pubantz, Jan"]
[Black "Tonndorf, Matthias"]
[Result "1/2-1/2"]
[ECO "C09"]
[WhiteElo "2288"]
[BlackElo "2184"]
[Annotator "RC"]
[PlyCount "239"]
[EventDate "2024.01.01"]
[EventType "swiss"]
[EventCountry "GER"]
[SourceTitle "playchess.com"]
[Source "ChessBase"]
[SourceQuality "1"]
[TimeControl "40/5400+30:1800+30"]

1. e4 c5 2. c3 e6 3. Nf3 Nc6 4. d4 d5 5. exd5 exd5 6. Bb5 Bd6 7. O-O Nge7 8. dxc5 Bxc5 9. Nbd2 O-O 10. Nb3 Bd6 11. h3 Bf5 12. Bd3 Bxd3 13. Qxd3 h6 14. Be3 Qd7 15. Rad1 Rad8 16. Rfe1 Rfe8 17. Bc5 Bxc5 18. Nxc5 Qc7 19. Nb3 Ng6 20. Qf5 Rxe1+ 21. Rxe1 Qb6 22. Qd3 Nf4 23. Qe3 Qxe3 24. Rxe3 Kf8 25. Kh2 Ne6 26. Rd3 f6 27. Rd2 Kf7 28. g3 Ne5 29. Nfd4 Ng5 30. Kg2 Ne4 31. Re2 Nc4 32. Nf5 Ned6 33. Nxd6+ Rxd6 34. Nd4 Rd7 35. Nf5 h5 36. Kf1 g6 37. Nd4 Rd6 38. Ke1 Rd7 39. Kf1 Rd6 40. b3 Ne5 41. Rd2 a6 42. Ke2 Nd7 43. g4 hxg4 44. hxg4 Nc5 45. f3 Rd8 46. Kf2 Rh8 47. Ne2 Ne6 48. Kg3 Rd8 49. Nf4 Nxf4 50. Kxf4 Ke6 51. Re2+ Kf7 52. Rh2 Kg7 53. Rd2 Kf7 54. Rh2 Kg7 55. Re2 Kf7 56. Rd2 Ke6 57. g5 Rf8 58. Re2+ Kf7 59. Rh2 Ke6 60. Re2+ Kf7 61. Rh2 Ke6 62. gxf6 Rxf6+ 63. Kg4 Rf7 64. f4 Rc7 65. Rh6 Kf6 66. f5 Rxc3 67. Rxg6+ Kf7 68. Rd6 Rc2 69. a4 Ke7 70. Rb6 Rc7 71. Rh6 Kf8 72. Rd6 Ke7 73. Rh6 Kf8 74. Rh8+ Kg7 75. Rd8 Kf6 76. Rxd5 Rc6 77. Rd4 a5 78. Rd5 b6 79. Kf4 Ke7 80. Ke5 Rh6 81. Rd3 Rc6 82. Rh3 Rc5+ 83. Kf4 b5 84. axb5 Rxb5 85. Kg5 Kf7 86. Rh7+ Kg8 87. Rh3 Kg7 88. Rd3 Rb7 89. Rh3 Rb5 90. Re3 Kf7 91. Rc3 Rb7 92. Rh3 Rb5 93. Rh7+ Kg8 94. Ra7 Rxb3 95. Kg6 Rg3+ 96. Kf6 Rb3 97. Ra8+ Kh7 98. Kf7 Rb7+ 99. Kf8 Rb6 100. Kf7 Rb7+ 101. Kf8 Rb6 102. Ke7 Rb7+ 103. Kf6 Rb6+ 104. Kg5 Kg7 105. Ra7+ Kg8 106. Rxa5 Rc6 107. Ra7 Rb6 108. Re7 Kf8 109. Rh7 Kg8 110. Rd7 Ra6 111. Rd5 Kg7 112. Re5 Kf7 113. Rc5 Rb6 114. f6 Rb1 115. Rc7+ Kf8 116. Rc8+ Kf7 117. Rc7+ Kf8 118. Kg6 Rg1+ 119. Kf5 Rf1+ 120. Ke6 1/2-1/2

[Event "Niedersachsen-ch Meister 2024"]
[Site "Verden Aller"]
[Date "2024.01.05"]
[Round "4.8"]
[White "Sauer, Tim"]
[Black "Laubsch, Bernd"]
[Result "0-1"]
[ECO "D76"]
[WhiteElo "2126"]
[BlackElo "2259"]
[Annotator "RC"]
[PlyCount "91"]
[EventDate "2024.01.01"]
[EventType "swiss"]
[EventCountry "GER"]
[SourceTitle "playchess.com"]
[Source "ChessBase"]
[SourceQuality "1"]
[TimeControl "40/5400+30:1800+30"]

1. c4 Nf6 2. Nf3 g6 3. g3 Bg7 4. Bg2 O-O 5. O-O d5 6. d4 Nc6 7. cxd5 Nxd5 8. Nc3 Nb6 9. e3 Re8 10. Re1 e5 11. d5 Na5 12. e4 c6 13. Be3 Nac4 14. Bc1 cxd5 15. exd5 Nd6 16. Nd2 f5 17. Qb3 Bd7 18. Nf1 h6 19. Be3 Nbc4 20. Rac1 Qa5 21. a3 Rac8 22. Qa2 b5 23. b4 Qxa3 24. Qxa3 Nxa3 25. Bxa7 e4 26. Ne2 Nc2 27. Red1 Na3 28. Ne3 Ndc4 29. Nd4 Bf8 30. Nec2 Nxc2 31. Rxc2 Bxb4 32. Nb3 Na3 33. Rxc8 Rxc8 34. Bf1 Kf7 35. Be3 g5 36. Nd4 Bd6 37. Bh3 Kf6 38. Ra1 b4 39. Rd1 Nc2 40. Nxc2 Rxc2 41. Bg2 b3 42. f3 f4 43. gxf4 gxf4 44. Bd4+ Be5 45. Bxe5+ Kxe5 46. Bf1 0-1

[Event "Niedersachsen-ch Meister 2024"]
[Site "Verden Aller"]
[Date "2024.01.05"]
[Round "4.9"]
[White "Hans, Julian"]
[Black "Bargsten, Justus"]
[Result "0-1"]
[ECO "C51"]
[WhiteElo "1925"]
[BlackElo "2216"]
[Annotator "RC"]
[PlyCount "50"]
[EventDate "2024.01.01"]
[EventType "swiss"]
[EventCountry "GER"]
[SourceTitle "playchess.com"]
[Source "ChessBase"]
[SourceQuality "1"]
[TimeControl "40/5400+30:1800+30"]

1. e4 e5 2. Nf3 Nc6 3. Bc4 Bc5 4. b4 Bxb4 5. c3 Be7 6. d4 Na5 7. Nxe5 Nxc4 8. Nxc4 d5 9. exd5 Qxd5 10. Ne3 Qa5 11. O-O Be6 12. Qf3 c6 13. Bb2 Nf6 14. Nd2 O-O 15. Nb3 Qg5 16. Qg3 Qxg3 17. hxg3 a5 18. Nd2 b5 19. Nf3 Nd5 20. Nxd5 Bxd5 21. Ne5 Rfe8 22. Rfe1 Bd6 23. f4 f6 24. Nf3 Rxe1+ 25. Nxe1 Re8 0-1

[Event "Niedersachsen-ch Meister 2024"]
[Site "Verden Aller"]
[Date "2024.01.05"]
[Round "4.10"]
[White "Muecke, Leonard"]
[Black "Reimer, Philip"]
[Result "0-1"]
[ECO "B33"]
[WhiteElo "1694"]
[BlackElo "2152"]
[Annotator "ChessBase"]
[PlyCount "69"]
[EventDate "2024.01.01"]
[EventType "swiss"]
[EventCountry "GER"]
[SourceTitle "playchess.com"]
[Source "ChessBase"]
[SourceQuality "1"]
[TimeControl "40/5400+30:1800+30"]

1. e4 c5 2. Nf3 Nc6 3. d4 cxd4 4. Nxd4 Nf6 5. f3 e6 6. c4 Qb6 7. Nxc6 bxc6 8. Bd3 d5 9. exd5 cxd5 10. Qe2 Bb4+ 11. Nd2 O-O 12. a3 Be7 13. Nb1 Bb7 14. Be3 Bc5 15. Bxc5 Qxc5 16. Nc3 Rac8 17. Qf2 dxc4 18. Qxc5 Rxc5 19. Be2 Rcc8 20. Kf2 Bd5 21. Rhd1 Rb8 22. Ra2 Rfc8 23. Rd4 Kf8 24. f4 Ke7 25. Bf3 Bxf3 26. Kxf3 Rb3 27. Ke2 Rb7 28. h3 Rd7 29. Rxd7+ Kxd7 30. Ra1 Nd5 31. Rd1 Kc6 32. Kf3 Rb8 33. Rd4 Kc5 34. Rd1 Rb3 35. Kf2 0-1

[Event "Niedersachsen-ch Meister 2024"]
[Site "Verden Aller"]
[Date "2024.01.05"]
[Round "4.11"]
[White "Bundan, Edward"]
[Black "Evering, Soeren"]
[Result "1/2-1/2"]
[ECO "C68"]
[WhiteElo "1706"]
[BlackElo "2034"]
[Annotator "NA"]
[PlyCount "38"]
[EventDate "2024.01.01"]
[EventType "swiss"]
[EventCountry "GER"]
[SourceTitle "playchess.com"]
[Source "ChessBase"]
[SourceQuality "1"]
[TimeControl "40/5400+30:1800+30"]

1. e4 e5 2. Nf3 Nc6 3. Bb5 a6 4. Bxc6 dxc6 5. h3 Bd6 6. O-O c5 7. c3 Ne7 8. d4 cxd4 9. cxd4 exd4 10. Qxd4 O-O 11. Nc3 Nc6 12. Qd1 h6 13. Be3 Re8 14. Re1 Be6 15. Qd2 Qf6 16. Bd4 Qg6 17. Kh1 Qh5 18. Ng1 Rad8 19. Qe2 Qg6 1/2-1/2

[Event "Niedersachsen-ch Meister 2024"]
[Site "Verden Aller"]
[Date "2024.01.05"]
[Round "4.12"]
[White "Elsner, Robert"]
[Black "Aden, Tammo"]
[Result "1-0"]
[ECO "E05"]
[WhiteElo "2030"]
[BlackElo "2025"]
[Annotator "NA RC"]
[PlyCount "85"]
[EventDate "2024.01.01"]
[EventType "swiss"]
[EventCountry "GER"]
[SourceTitle "playchess.com"]
[Source "ChessBase"]
[SourceQuality "1"]
[TimeControl "40/5400+30:1800+30"]

1. d4 d5 2. c4 e6 3. g3 Nf6 4. Bg2 Be7 5. Nf3 O-O 6. O-O dxc4 7. Qc2 a6 8. a4 Bd7 9. Qxc4 Bc6 10. Bg5 Nbd7 11. Nc3 h6 12. Bxf6 Nxf6 13. Ne5 Bxg2 14. Kxg2 Rc8 15. Rfd1 Qd6 16. Nd3 Rfd8 17. e3 c5 18. dxc5 Qc6+ 19. Kg1 Bxc5 20. Nxc5 Rxd1+ 21. Rxd1 b6 22. Qxa6 Qxc5 23. Qb5 Qc7 24. Qb4 Rd8 25. Rxd8+ Qxd8 26. Qd4 Qc7 27. h3 e5 28. Qd3 Qc5 29. Kh2 Qb4 30. Qb5 Qd6 31. Kg2 h5 32. Qc4 Qd2 33. b4 h4 34. gxh4 Qc2 35. a5 bxa5 36. bxa5 Qg6+ 37. Kf1 Qf5 38. a6 Qxh3+ 39. Ke2 Qd7 40. Qa4 Qxa4 41. Nxa4 Nd5 42. a7 Nc7 43. Nb6 1-0

[Event "Niedersachsen-ch Meister 2024"]
[Site "Verden Aller"]
[Date "2024.01.05"]
[Round "4.13"]
[White "Heinemann, Ernst"]
[Black "Oest, Thorsten"]
[Result "1-0"]
[ECO "B50"]
[WhiteElo "2033"]
[BlackElo "1981"]
[Annotator "NA RC"]
[PlyCount "59"]
[EventDate "2024.01.01"]
[EventType "swiss"]
[EventCountry "GER"]
[SourceTitle "playchess.com"]
[Source "ChessBase"]
[SourceQuality "1"]
[TimeControl "40/5400+30:1800+30"]

1. e4 c5 2. Nf3 d6 3. c3 Nf6 4. Be2 g6 5. O-O Bg7 6. Re1 O-O 7. Bf1 b6 8. d4 cxd4 9. cxd4 Bb7 10. Nc3 e6 11. h3 h6 12. Bf4 Nh5 13. Bh2 f5 14. Qb3 d5 15. exd5 Bxd5 16. Nxd5 exd5 17. Re6 Rf6 18. Rae1 Nc6 19. Bb5 Rxe6 20. Rxe6 Na5 21. Qa4 Nf6 22. Be5 Qf8 23. b4 Nc4 24. Bc6 Rd8 25. Qxa7 Kh8 26. Nh4 Nxe5 27. dxe5 Qxb4 28. exf6 Bxf6 29. Nxg6+ Kg8 30. Re8+ 1-0

[Event "Niedersachsen-ch Meister 2024"]
[Site "Verden Aller"]
[Date "2024.01.05"]
[Round "4.14"]
[White "Renner, Kai"]
[Black "Bennemann, Ingmar"]
[Result "0-1"]
[ECO "B67"]
[WhiteElo "2153"]
[BlackElo "1971"]
[Annotator "RC"]
[PlyCount "56"]
[EventDate "2024.01.01"]
[EventType "swiss"]
[EventCountry "GER"]
[SourceTitle "playchess.com"]
[Source "ChessBase"]
[SourceQuality "1"]
[TimeControl "40/5400+30:1800+30"]

1. e4 c5 2. Nf3 d6 3. d4 cxd4 4. Nxd4 Nf6 5. Nc3 Nc6 6. Bg5 a6 7. Qd2 Bd7 8. O-O-O e6 9. Nb3 b5 10. f3 b4 11. Nd5 exd5 12. exd5 Na5 13. Re1+ Be7 14. Bxf6 Nxb3+ 15. axb3 gxf6 16. Qxb4 O-O 17. Bd3 f5 18. h4 a5 19. Qf4 a4 20. bxa4 Rxa4 21. c4 Re8 22. g4 Bf8 23. gxf5 Rxe1+ 24. Rxe1 Ra1+ 25. Bb1 Qf6 26. Kd2 Bh6 27. Rg1+ Kf8 28. Rg5 Rxb1 0-1

[Event "Niedersachsen-ch Meister 2024"]
[Site "Verden Aller"]
[Date "2024.01.06"]
[Round "5.1"]
[White "Hampel, Felix"]
[Black "Abel, Dennes"]
[Result "1/2-1/2"]
[ECO "A38"]
[WhiteElo "2294"]
[BlackElo "2417"]
[Annotator "RC"]
[PlyCount "73"]
[EventDate "2024.01.01"]
[EventType "swiss"]
[EventCountry "GER"]
[SourceTitle "playchess.com"]
[Source "ChessBase"]
[SourceQuality "1"]
[TimeControl "40/5400+30:1800+30"]

1. c4 Nf6 2. Nf3 g6 3. g3 Bg7 4. Bg2 c5 5. d4 cxd4 6. Nxd4 Nc6 7. Nc3 h5 8. h3 O-O 9. O-O d6 10. Be3 Bd7 11. b3 Nxd4 12. Bxd4 Bc6 13. e4 Nd7 14. Bxg7 Kxg7 15. Qd4+ Kg8 16. Nd5 e5 17. Qd2 Nf6 18. Nc3 Qe7 19. Rad1 Rad8 20. Qh6 Rfe8 21. Rd3 Nd7 22. Nd5 Bxd5 23. Rxd5 b6 24. Rfd1 Nc5 25. Qd2 Ne6 26. Rxd6 h4 27. Kh2 Rxd6 28. Qxd6 Qf6 29. Qc6 Rd8 30. Rxd8+ Qxd8 31. Qd5 Qf6 32. Qd2 Nd4 33. b4 Qd6 34. Qc3 Qf6 35. Qd2 Qd6 36. Qc3 Qf6 37. Qd2 1/2-1/2

[Event "Niedersachsen-ch Meister 2024"]
[Site "Verden Aller"]
[Date "2024.01.06"]
[Round "5.2"]
[White "Mueer, Sebastian"]
[Black "Nechitaylo, Nikita"]
[Result "0-1"]
[ECO "B56"]
[WhiteElo "2189"]
[BlackElo "2221"]
[Annotator "RC"]
[PlyCount "84"]
[EventDate "2024.01.01"]
[EventType "swiss"]
[EventCountry "GER"]
[SourceTitle "playchess.com"]
[Source "ChessBase"]
[SourceQuality "1"]
[TimeControl "40/5400+30:1800+30"]

1. e4 c5 2. Nf3 d6 3. d4 cxd4 4. Nxd4 Nf6 5. Nc3 Nc6 6. f3 e5 7. Nb3 Be7 8. Be3 O-O 9. Qe2 d5 10. exd5 Nxd5 11. Nxd5 Qxd5 12. Qc4 Qxc4 13. Bxc4 Nb4 14. Bd3 Nxd3+ 15. cxd3 Rd8 16. Ke2 Bf5 17. Rhd1 Rac8 18. Rac1 Rxc1 19. Nxc1 a5 20. Nb3 Rc8 21. Nxa5 Bb4 22. Nc4 b5 23. Bd2 bxc4 24. Bxb4 cxd3+ 25. Ke1 Rc4 26. Bc3 e4 27. Kf2 exf3 28. gxf3 h5 29. Rg1 f6 30. a4 Rh4 31. a5 Rxh2+ 32. Rg2 Rxg2+ 33. Kxg2 Bc8 34. Kg3 g5 35. b4 Ba6 36. f4 h4+ 37. Kg4 Bc8+ 38. Kf3 Bb7+ 39. Kg4 Bc8+ 40. Kf3 g4+ 41. Kg2 Bb7+ 42. Kh2 Ba6 0-1

[Event "Niedersachsen-ch Meister 2024"]
[Site "Verden Aller"]
[Date "2024.01.06"]
[Round "5.3"]
[White "Stelmaszyk, Nico"]
[Black "Voege, Tobias"]
[Result "0-1"]
[ECO "C13"]
[WhiteElo "2363"]
[BlackElo "2283"]
[Annotator "RC"]
[PlyCount "112"]
[EventDate "2024.01.01"]
[EventType "swiss"]
[EventCountry "GER"]
[SourceTitle "playchess.com"]
[Source "ChessBase"]
[SourceQuality "1"]
[TimeControl "40/5400+30:1800+30"]

1. e4 e6 2. d4 d5 3. Nc3 Nf6 4. Bg5 dxe4 5. Nxe4 Be7 6. Bxf6 gxf6 7. Nf3 f5 8. Nc3 a6 9. g3 b5 10. Bg2 Bb7 11. Qe2 Qd6 12. O-O-O Nd7 13. d5 b4 14. dxe6 Qxe6 15. Qxe6 fxe6 16. Ne2 O-O-O 17. Ned4 Nc5 18. Nb3 Ne4 19. Rxd8+ Rxd8 20. Nfd4 e5 21. Ne6 Rd6 22. f3 Nf2 23. Rf1 Ng4 24. fxg4 Bxg2 25. Rf2 fxg4 26. Rxg2 Rxe6 27. Kd2 e4 28. Na5 Bg5+ 29. Ke1 Kd7 30. Nc4 Kc6 31. Rf2 h6 32. Rf5 Kd7 33. Ne5+ Ke7 34. Nxg4 Rc6 35. Re5+ Kd6 36. Rxe4 Rxc2 37. Rxb4 h5 38. Nf2 Be3 39. Ne4+ Ke5 40. Nc3 Bd2+ 41. Kd1 Bxc3 42. bxc3 Rxh2 43. Ra4 c5 44. Rxa6 Ke4 45. Rh6 Kd3 46. Ke1 Kxc3 47. g4 h4 48. g5 c4 49. a4 Kb4 50. a5 Kxa5 51. g6 Kb4 52. g7 Rg2 53. Rxh4 Rxg7 54. Kd2 Kb3 55. Rh6 c3+ 56. Kd3 Rd7+ 0-1

[Event "Niedersachsen-ch Meister 2024"]
[Site "Verden Aller"]
[Date "2024.01.06"]
[Round "5.4"]
[White "von Mettenheim, Johannes"]
[Black "Polster, Christian"]
[Result "1/2-1/2"]
[ECO "D02"]
[WhiteElo "2284"]
[BlackElo "2244"]
[Annotator "RC"]
[PlyCount "164"]
[EventDate "2024.01.01"]
[EventType "swiss"]
[EventCountry "GER"]
[SourceTitle "playchess.com"]
[Source "ChessBase"]
[SourceQuality "1"]
[TimeControl "40/5400+30:1800+30"]

1. Nf3 Nf6 2. g3 c5 3. Bg2 d5 4. d4 cxd4 5. O-O e6 6. Nxd4 e5 7. Nb3 Nc6 8. Bg5 Be6 9. e3 Qd7 10. Nc3 Ne4 11. Nxe4 dxe4 12. Qxd7+ Bxd7 13. Bh4 f5 14. g4 g5 15. Bxg5 Rg8 16. Bh4 Rxg4 17. Bg3 Bh6 18. Rfe1 O-O-O 19. Bh3 f4 20. exf4 Rxg3+ 21. hxg3 Bxh3 22. fxe5 Bf5 23. e6 Ne5 24. Kg2 Bg4 25. Nc5 Bf3+ 26. Kh3 Ng4 27. Nxe4 Rd5 28. Kh4 Nxf2 29. Nd6+ Kc7 30. g4 Kxd6 31. e7 Bg5+ 32. Kg3 Bxe7 33. Kxf3 Nh3 34. Rad1 Ng5+ 35. Ke3 Bf6 36. c3 Be5 37. Rxd5+ Kxd5 38. Rh1 Ke6 39. Rh5 Kf6 40. Rh6+ Kg7 41. Rh1 Kf7 42. Rf1+ Ke7 43. Rf5 Nf7 44. Ke4 Bf6 45. Kd5 h6 46. Rf2 Nd8 47. Rh2 Bg5 48. c4 Nc6 49. a3 Kd7 50. b4 a5 51. bxa5 Nxa5 52. Rb2 Kc7 53. Rf2 Nc6 54. Rf7+ Kb6 55. Rf3 Ne7+ 56. Kd6 Nc6 57. Kd5 Ka5 58. Rb3 Nd8 59. c5 Ka4 60. Rf3 Nc6 61. Kd6 Be7+ 62. Kd5 Na5 63. Rh3 Bg5 64. Rf3 Bc1 65. Rf1 Bg5 66. Rf3 Nb3 67. Rf7 Na5 68. Rf3 Kb5 69. Rf1 Nb3 70. Rb1 Ka4 71. c6 bxc6+ 72. Kxc6 Kxa3 73. Kd5 Kb4 74. Ke5 Kc3 75. Kf5 Nd4+ 76. Kg6 Nf3 77. Kh5 Be3 78. Ra1 Kd3 79. Ra3+ Ke4 80. Rxe3+ Kxe3 81. Kxh6 Kf4 82. g5 Nxg5 1/2-1/2

[Event "Niedersachsen-ch Meister 2024"]
[Site "Verden Aller"]
[Date "2024.01.06"]
[Round "5.5"]
[White "Gentemann, Moritz"]
[Black "Knuedel, Torben"]
[Result "1/2-1/2"]
[ECO "A18"]
[WhiteElo "2239"]
[BlackElo "2287"]
[Annotator "RC"]
[PlyCount "186"]
[EventDate "2024.01.01"]
[EventType "swiss"]
[EventCountry "GER"]
[SourceTitle "playchess.com"]
[Source "ChessBase"]
[SourceQuality "1"]
[TimeControl "40/5400+30:1800+30"]

1. c4 Nf6 2. Nc3 e6 3. e4 Nc6 4. Nf3 e5 5. d4 exd4 6. Nxd4 d6 7. Be2 Nxd4 8. Qxd4 Be7 9. Bf4 O-O 10. Rd1 Be6 11. O-O Nd7 12. Nd5 Bxd5 13. Qxd5 Bf6 14. b3 b6 15. Bg4 g6 16. Bxd7 Qxd7 17. e5 Qf5 18. Bh6 Qxe5 19. Qxe5 Bxe5 20. Bxf8 Kxf8 21. f4 Bf6 22. Rfe1 a6 23. Kf2 b5 24. Kf3 b4 25. Rd5 a5 26. Rb5 Bd4 27. Rd5 Bc5 28. g4 a4 29. Rd2 axb3 30. axb3 Ra3 31. Rb1 Ra8 32. Re1 Ra3 33. Rb1 Ra8 34. h3 Re8 35. Re2 Ra8 36. Ke4 Ra5 37. Kd3 Ra3 38. Reb2 Ra8 39. Re1 Ra3 40. Ke4 Ra5 41. Kd3 Ra3 42. Rf1 Kg7 43. f5 g5 44. Ke4 Bb6 45. Kd3 Kf6 46. Re1 Ra8 47. Rbb1 Rh8 48. Rh1 h5 49. h4 Re8 50. hxg5+ Kxg5 51. gxh5 Re3+ 52. Kd2 Kh6 53. Kc2 Rc3+ 54. Kd2 Rf3 55. Kc2 Bd4 56. Rhf1 Rg3 57. Rfd1 Rc3+ 58. Kd2 Kxh5 59. Rh1+ Kg5 60. Rh7 Kf6 61. Rh5 c5 62. Ke2 Re3+ 63. Kd2 Rg3 64. Kc2 Be5 65. Kd2 Rc3 66. Ke2 Bf4 67. Kf2 Bg5 68. Rh7 Rd3 69. Kg2 Rd2+ 70. Kf3 Rd4 71. Kg2 Rg4+ 72. Kh1 Rg3 73. Kh2 Bf4 74. Kh1 Be5 75. Rh5 Bf4 76. Rf1 Bg5 77. Rg1 Rxg1+ 78. Kxg1 Kxf5 79. Kf2 f6 80. Ke2 Ke4 81. Rh3 f5 82. Rd3 Bf4 83. Rh3 Be5 84. Re3+ Kf4 85. Rf3+ Kg4 86. Ke3 Bd4+ 87. Ke2 Kg5 88. Kd3 Kg4 89. Ke2 f4 90. Rd3 Be5 91. Kf2 Bd4+ 92. Ke2 Kf5 93. Kf3 Be5 1/2-1/2

[Event "Niedersachsen-ch Meister 2024"]
[Site "Verden Aller"]
[Date "2024.01.06"]
[Round "5.6"]
[White "Laubsch, Bernd"]
[Black "Riemay, David"]
[Result "1-0"]
[ECO "B15"]
[WhiteElo "2259"]
[BlackElo "2213"]
[Annotator "RC"]
[PlyCount "39"]
[EventDate "2024.01.01"]
[EventType "swiss"]
[EventCountry "GER"]
[SourceTitle "playchess.com"]
[Source "ChessBase"]
[SourceQuality "1"]
[TimeControl "40/5400+30:1800+30"]

1. e4 c6 2. d4 d5 3. Nc3 dxe4 4. Nxe4 Nf6 5. Nxf6+ exf6 6. c3 Bd6 7. Bd3 O-O 8. Be3 Re8 9. Qc2 h5 10. O-O-O Qa5 11. b3 b5 12. Ne2 Nd7 13. Ng3 Nb6 14. Ne4 Ba3+ 15. Kb1 Nc4 16. Bc1 Bxc1 17. Qxc1 Rb8 18. Rhe1 Be6 19. Nc5 Nb6 20. Rxe6 1-0

[Event "Niedersachsen-ch Meister 2024"]
[Site "Verden Aller"]
[Date "2024.01.06"]
[Round "5.7"]
[White "Bargsten, Justus"]
[Black "Pubantz, Jan"]
[Result "1/2-1/2"]
[ECO "B15"]
[WhiteElo "2216"]
[BlackElo "2288"]
[Annotator "RC"]
[PlyCount "47"]
[EventDate "2024.01.01"]
[EventType "swiss"]
[EventCountry "GER"]
[SourceTitle "playchess.com"]
[Source "ChessBase"]
[SourceQuality "1"]
[TimeControl "40/5400+30:1800+30"]

1. e4 c6 2. d4 d5 3. Nc3 dxe4 4. Nxe4 Nf6 5. Nxf6+ exf6 6. c3 Bd6 7. Bd3 O-O 8. Qc2 c5 9. Ne2 g6 10. dxc5 Bxc5 11. Bh6 Re8 12. O-O-O Qc7 13. Qa4 Nc6 14. Qh4 Be6 15. Nf4 Bxa2 16. Bb1 Bc4 17. Nh5 gxh5 18. Qxc4 Na5 19. Qd3 Nb3+ 20. Kc2 Na1+ 21. Kc1 Nb3+ 22. Kc2 Na1+ 23. Kc1 Nb3+ 24. Kc2 1/2-1/2

[Event "Niedersachsen-ch Meister 2024"]
[Site "Verden Aller"]
[Date "2024.01.06"]
[Round "5.8"]
[White "Tonndorf, Matthias"]
[Black "Elsner, Robert"]
[Result "0-1"]
[ECO "A01"]
[WhiteElo "2184"]
[BlackElo "2030"]
[Annotator "RC"]
[PlyCount "52"]
[EventDate "2024.01.01"]
[EventType "swiss"]
[EventCountry "GER"]
[SourceTitle "playchess.com"]
[Source "ChessBase"]
[SourceQuality "1"]
[TimeControl "40/5400+30:1800+30"]

1. b3 e5 2. Bb2 Nc6 3. c4 Nf6 4. e3 d5 5. cxd5 Nxd5 6. a3 Be6 7. d3 f6 8. Qc2 Qd7 9. Nd2 h5 10. h4 a5 11. Ngf3 Kf7 12. Be2 Be7 13. Rc1 a4 14. b4 Bxb4 15. axb4 Ndxb4 16. Qb1 a3 17. Bc3 a2 18. Qa1 Nxd3+ 19. Bxd3 Qxd3 20. Bb2 Rhd8 21. Rc5 Kg8 22. Qc1 Nb4 23. Ba1 Qa6 24. Rc3 Nd3+ 25. Rxd3 Qxd3 26. Qb2 Ra6 0-1